Map: Orbital Shipyard

Players

wabbajack

  • Race: Zerg Zerg
  • League: Gold

AeriaLSheeP - Winner!

  • Race: Terran Terran
  • League: Silver

VOD

Have the link to the VOD?

Description

Time

  • Played on: July 21, 2015, 12:57 p.m.
  • Length: 5:10
Show
View Real Time Build Order
Export as new Build Order

wabbajack Zerg 

Build Orders: Hatch First 

Get SALT Encoding   

  12  0:01  Drone  
  13  0:10  Drone  
  14  0:18  Overlord  
  14  0:27  Extractor  
  14  0:28  Drone, Extractor  
  14  0:29  Drone  
  16  0:37  Drone  
  17  0:54  Hatchery  
  16  0:58  Drone  
  16  1:00  Drone  
  18  1:08  Extractor  
  17  1:17  Spawning Pool  
  16  1:20  Drone  
  16  1:22  Drone  
  18  1:27  Drone  
  19  1:44  Overlord  
  19  1:49  Drone  
  20  2:05  Roach Warren, Queen  
  20  2:06  Queen  
  23  2:09  Zergling x2  
  24  2:16  Drone x2  
  24  2:18  Drone  
  24  2:22  Drone  
  28  2:30  Overlord  
  28  2:36  Metabolic Boost  
  28  2:54  Roach  
  28  2:55  Roach  
  28  2:57  Roach x2  
  36  3:00  Roach  
  36  3:01  Overlord  
  38  3:06  Overlord  
  38  3:16  Roach x2  
  42  3:25  Roach  
  43  3:35  Zergling x6  
  46  3:47  Zergling x2  
  47  3:50  Drone x2  
  51  3:55  Roach x2  
  53  4:05  Spine Crawler  
  52  4:12  Spine Crawler  
  52  4:15  Zergling x2  
  52  4:16  Zergling x16  
  60  4:31  Overlord x2  
Show
View Real Time Build Order
Export as new Build Order

AeriaLSheeP Terran - Winner!

Build Orders:  

Get SALT Encoding   

  12  0:01  SCV  
  13  0:13  SCV  
  14  0:20  Supply Depot  
  14  0:25  SCV  
  15  0:41  SCV  
  16  0:43  Barracks  
  16  0:47  Refinery  
  16  0:53  SCV  
  17  1:06  SCV  
  18  1:20  SCV  
  19  1:30  Marine  
  20  1:40  Command Center, Orbital Command  
  20  1:54  Factory, Marine  
  21  2:03  Supply Depot  
  21  2:08  SCV  
  22  2:20  SCV  
  23  2:31  Marine  
  23  2:43  Barracks  
  23  2:45  Barracks  
  23  2:49  Supply Depot  
  23  2:50  Factory Reactor  
  23  2:51  Marine  
  23  2:53  SCV  
  23  2:58  Starport  
  25  3:05  Orbital Command  
  25  3:06  SCV  
  25  3:10  Marine  
  27  3:19  SCV  
  28  3:27  Hellion x2  
  28  3:31  SCV  
  28  3:32  SCV  
  34  3:40  Medivac  
  36  3:41  Barracks Tech Lab  
  36  3:45  Refinery  
  36  3:47  Refinery  
  36  3:48  SCV  
  36  3:49  SCV, Refinery  
  38  3:56  Hellion  
  38  4:00  Hellion  
  42  4:06  SCV x2  
  44  4:18  Marauder, Marine x2  
  44  4:20  Concussive Shells  
  44  4:23  Widow Mine x2  
  48  4:34  SCV x2  
  48  4:35  Bunker  
  48  4:36  Marine  
  48  4:37  Bunker, Marine  
  52  4:40  Marauder  
  54  4:56  Supply Depot  
Tags
 
Add a new tag
Caveats
  • Supply blocks, unpowered buildings, or Contaminate may cause inaccurate times.
  • Supply counts are checked every 10 seconds.